 Dungeon Crawl Stone Soup version 0.31-a0-716-gc7603755dd (webtiles) character file.

Game seed: 12298942128567350837

86 Shayle the Changeling (level 4, -14/67 HPs)
             Began as an Ogre Shapeshifter on Sept 10, 2023.
             Demolished by an ogre
             ... wielding a +0 giant spiked club
              (17 damage)
             ... on level 4 of the Dungeon.
             The game lasted 00:06:05 (1845 turns).

Shayle the Changeling (Ogre Shapeshifter)           Turns: 1845, Time: 00:06:06

Health: -14/67     AC: 22    Str: 18    XL:     4   Next: 49%
Magic:  7/7        EV:  1    Int: 13    God:
Gold:   63         SH:  0    Dex:  8    Spells: 7/7 levels left

rFire   . . .        f - +2 whip (elec)
rCold   . . .        (no shield)
rNeg    . . .        a - melded +0 animal skin
rPois   +            (helmet currently unavailable)
rElec   .            (cloak currently unavailable)
rCorr   .            (gloves unavailable)
SInv    .            (boots unavailable)
Will    .....        (no amulet)
Stlth   +            (no ring)
HPRegen 0.31/turn    (no ring)
MPRegen 0.10/turn

%: no passive effects
@: tree-form, invisible
A: stationary, stasis, torment immunity, boosted hp, large, unfitting armour,
(tough skin 1)
a: no special abilities


You were on level 4 of the Dungeon.
You were a tree.
You visited 1 branch of the dungeon, and saw 4 of its levels.

You collected 63 gold pieces.

Inventory:

Hand Weapons
 f - a +2 whip of electrocution (weapon)
Armour
 a - a +0 animal skin (melded)
Talismans
 c - a beast talisman
 d - a flux talisman
Scrolls
 e - 2 scrolls of identify
 g - 2 scrolls of teleportation
 i - a scroll of acquirement {unknown}
 j - a scroll of vulnerability {unknown}
Potions
 h - a potion of mutation {unknown}
 k - a potion of enlightenment {unknown}
 m - a potion of degeneration {unknown}
 n - a potion of might {unknown}


   Skills:
 + Level 3.4 Fighting
 - Level 1.7 Dodging
 - Level 2.6 Unarmed Combat
 + Level 2.2 Spellcasting
 + Level 3.6 Shapeshifting


You had 7 spell levels left.
You didn't know any spells.
Your spell library contained the following spells:

 Spells                   Type           Power      Damage    Failure   Level
 Summon Small Mammal      Summ           4%         N/A       26%         1
 Blink                    Tloc           2%         N/A       36%         2
 Call Canine Familiar     Summ           1%         N/A       58%         3
 Summon Guardian Golem    Hex/Summ       1%         N/A       58%         3
 Manifold Assault         Tloc           1%         N/A       94%         4


Dungeon Overview and Level Annotations

Branches:
Dungeon (4/15)
 Temple: D:4-7

Altars:
Qazlal
Sif Muna


Innate Abilities, Weirdness & Mutations

You are a tree.
Your roots penetrate the ground, keeping you stationary.
You cannot be teleported.
You are immune to unholy pain and torment.
Your maximum health is greatly increased.
Your equipment is partially melded.
You are too large for most types of armour.
((You have tough skin. (AC +1)))


Message History

You feel sick. The adder bites you but does no damage.
You closely miss the adder.
The adder is severely wounded.
You feel sick. The adder bites you but does no damage.
You barely miss the adder.
The adder is severely wounded.
You feel sick. The adder bites you but does no damage. The adder bites you.
You barely miss the adder.
The adder is severely wounded.
You feel sick.
You are no longer poisoned.
The adder bites you but does no damage.
You completely miss the adder.
The adder is severely wounded.
The adder bites you but does no damage. x2
You closely miss the adder.
The adder is severely wounded.
The adder bites you.
* * * LOW HITPOINT WARNING * * *
You aren't carrying any items that you can evoke.
Unknown command.
It was a potion of invisibility.
You fade into invisibility!
The adder bites you but does no damage. x2
You closely miss the adder.
The adder is severely wounded.
The adder bites you but does no damage.
You barely miss the adder.
The adder is severely wounded.
The adder bites you but does no damage.
You hit the ogre.
The ogre is lightly wounded.
The ogre hits you with a +0 giant spiked club!!
* * * LOW HITPOINT WARNING * * *
You hit the ogre. Lightning courses through the ogre!
The ogre is severely wounded.
You hit the ogre.
The ogre is severely wounded.
The ogre hits you with a +0 giant spiked club!
You die...

#......... .
#.#...... ..
#.###....... ..
#..........###### ..
...#.......#....####
..
.?.........#........
..
.#........S#........
..
..........rO........
..
.......$..h#♣..###..
..
.)##########...###..
####
#.......#.........
....
#.......#.........
....
#.......#.........
....
#.......+.........
....
######..##..###..# #
##'##..# ..# #+# #
#......# .. ...##


You could see an ogre (unable to see you), an adder (unable to see you) and a
quokka (unable to see you).

Vanquished Creatures
  2 adders (D:4)
  2 worms (D:3)
  3 dart slugs (D:1)
  An orc (D:3)
  5 bats
  8 endoplasms
  4 giant cockroaches
  5 goblins
  3 hobgoblins
  2 quokkas
  2 ball pythons (D:1)
  5 frilled lizards
  5 kobolds
  6 rats
53 creatures vanquished.

Notes
Turn   | Place    | Note
-------+----------+-------------------------------------------
     0 | D:1      | Shayle the Ogre Shapeshifter began the quest for the Orb.
     0 | D:1      | Reached XP level 1. HP: 19/19 MP: 1/1
   206 | D:1      | Reached XP level 2. HP: 28/28 MP: 1/3
   307 | D:1      | Reached skill level 1 in Spellcasting
   661 | D:1      | Reached XP level 3. HP: 36/36 MP: 5/5
  1058 | D:2      | Found a stormy altar of Qazlal.
  1260 | D:3      | Identified the +0 pair of boots of Byetz {Harm Str+4 Int+3
                  | Slay+3}
  1372 | D:3      | Reached XP level 4. HP: 45/45 MP: 5/7
  1482 | D:3      | Found a faded altar of an unknown god.
  1517 | D:3      | Found a shimmering blue altar of Sif Muna.
  1563 | D:3      | You fall into a shaft and drop 1 floor!
  1831 | D:4      | Noticed an ogre
  1843 | D:4      | HP: 2/67 [ogre/+0 giant spiked club (19)]
  1845 | D:4      | Demolished by an ogre

Illustrated notes

Levels and vault maps discovered:
D:1:      saegor_arrival_miasma, layout_loops_ring
D:2:      layout_basic, basic_altar
D:3:      cheibrodos_greedy_goblins, layout_basic, mainiacjoe_overflow_alcove_1,
          shapermc_ecumenical_altar_pompeii, serial_forest,
          infiniplex_forest_zigzag_2, infiniplex_forest_clump_small,
          infiniplex_forest_end_double, infiniplex_forest_clump_double,
          infiniplex_forest_clump_double, infiniplex_forest_lined_corner,
          infiniplex_forest_straight_4, infiniplex_forest_join
D:4:      layout_gridville, portal_sewer_entry_a, minmay_fractal_squares_5

Skill      XL: |  1  2  3 |
---------------+----------+-----
Fighting       | 2 3 |  3.4
Spellcasting   | 1 2 |  2.2
Dodging        | |  1.7
Unarmed Combat | |  2.6
Shapeshifting  | |  3.6

Action                     |  1- 3 |  4- 6 || total
---------------------------+-------+-------++-------
  Melee: Unarmed           |    13 |       ||    13
         Whip              |    86 |    42 ||   128
         Punch             |     2 |       ||     2
    Use: Scroll            |     3 |       ||     3
         Potion            |       |     2 ||     2
 Armour: Animal skin       |    64 |    32 ||    96
         Skin              |       |    17 ||    17
  Dodge: Dodged            |    50 |    20 ||    70

Table legend: (Time is in decaauts)
 A = Elapsed time spent in this place.
 B = Non-inter-level travel time spent in this place.
 C = Inter-level travel time spent in this place.
 D = Time resting spent in this place.
 E = Time spent auto-exploring this place.
 F = Levels seen in this place.
 G = Mean time per level.
                   A        B        C        D        E       F      G
               +--------+--------+--------+--------+--------+-----+--------+
         Total |   1856 |   1811 |     45 |    160 |   1092 |   4 |  464.0 |
       Dungeon |   1856 |   1811 |     45 |    160 |   1092 |   4 |  464.0 |
               +--------+--------+--------+--------+--------+-----+--------+

Top non-repeatable levels by time:
     D:1: 1016 daAuts
     D:3: 450 daAuts
     D:4: 285 daAuts
     D:2: 102 daAuts
